 Dungeon Crawl Stone Soup version 0.18.1-47-g9310371 (webtiles) character file.

29 dvd the Digger (level 3, -1/28 HPs)
             Began as a Gargoyle Earth Elementalist on June 15, 2016.
             Slain by Terence
             ... wielding a +0 mace
              (2 damage)
             ... on level 2 of the Dungeon.
             The game lasted 00:05:23 (1572 turns).

dvd the Digger (Gargoyle Earth Elementalist)        Turns: 1572, Time: 00:05:25

Health: -1/28      AC: 21    Str: 11    XL:     3   Next: 16%
Magic:  1/6        EV:  2    Int: 16    God:
Gold:   32         SH:  0    Dex: 15    Spells: 2 memorised, 2 levels left

rFire  . . .     SeeInvis +     a - +0 mace
rCold  . . .     Gourm    .     (armour currently unavailable)
rNeg   + + +     Faith    .     (no shield)
rPois  ∞         Spirit   .     (helmet currently unavailable)
rElec  .         Dismiss  .     (cloak currently unavailable)
rCorr  .         Reflect  .     (gloves currently unavailable)
SustAt .         Harm     .     (boots currently unavailable)
MR     .....     NoTele   +     (no amulet)
Stlth  ++++......               g - ring of see invisible
                                k - ring of wizardry

@: agile, tree-form, not resistant to hostile enchantments, stealthy
A: negative energy resistance 1, (electricity resistance), (unbreathing),
petrification resistance, rot immunity, AC +3
a: no special abilities


You were on level 2 of the Dungeon.
You were hungry.
You were a tree.
You visited 1 branch of the dungeon, and saw 2 of its levels.

You collected 32 gold pieces.

Inventory:

Hand Weapons
 a - a +0 mace (weapon)
 c - a +0 whip
Missiles
 b - 70 stones (quivered)
Armour
 m - a +0 robe (melded)
 p - a +0 pair of gloves (melded)
Jewellery
 g - a ring of see invisible (right branch)
 k - a ring of wizardry (left branch)
Scrolls
 e - a scroll of remove curse {unknown}
 h - a scroll of magic mapping {unknown}
 i - a scroll of immolation {unknown}
 o - a scroll of identify {unknown}
Books
 f - a book of Geomancy

   Spells                             Type                      Level
   a - Sandblast                      Earth                        1
   b - Passwall                       Transmutation/Earth          2
   c - Stone Arrow                    Conjuration/Earth            3
   d - Petrify                        Transmutation/Earth          4
   e - Lee's Rapid Deconstruction     Earth                        5
Comestibles
 d - a bread ration
 l - a meat ration
 q - a royal jelly


   Skills:
 + Level 0.2 Fighting
 + Level 0.2 Maces & Flails
 + Level 1.7 Dodging
 + Level 2.2 Stealth
 + Level 2.3 Spellcasting
   Level 0.7 Transmutations
 + Level 4.4 Earth Magic


You had 2 spell levels left.
You knew the following spells:

 Your Spells              Type           Power        Failure   Level  Hunger
a - Sandblast             Erth           ###...       1%          1    #......
b - Stone Arrow           Conj/Erth      #.....       12%         3    ###....


Dungeon Overview and Level Annotations

Branches:
Dungeon (2/15)

Altars:

Annotations:
D:2 Sigmund, Terence


Innate Abilities, Weirdness & Mutations

You are resistant to torment.
((Your stone body is resilient (AC +3).))
You are immune to poison.
You resist negative energy.
((You are resistant to electric shocks.))
((You can survive without breathing.))
You are immune to petrification.
You are immune to rotting.


Message History

Really attack while wielding your 70 stones?
Okay, then.
Unknown command.
Wield which item (- for none, * to show all)? (? for menu, Esc to quit)
a - a +0 mace (weapon)
You barely miss Sigmund.
Sigmund is lightly wounded.
Terence hits you but does no damage. Sigmund hits you but does no damage.
Terence hits you but does no damage.
Unknown command.
You closely miss Sigmund.
Sigmund is lightly wounded.
Sigmund hits you with a scythe.
* * * LOW HITPOINT WARNING * * *
Terence barely misses you.
Unknown command.
You hit Sigmund.
Sigmund is moderately wounded.
Terence hits you with a mace.
You die...

#.#..###.#
###.#.####.#
#.......##.#
#..<....##.#
#.......##.#
#.......##.#
>......#####.#
######...###@#
###..@♣.#
#######


You could see Sigmund and Terence.

Vanquished Creatures
  A dart slug (D:1)
  A giant gecko (D:1)
  2 giant cockroaches (D:1)
  3 hobgoblins (D:1)
  A ball python (D:1)
  4 bats (D:1)
  4 goblins (D:1)
  3 kobolds (D:1)
  8 rats
27 creatures vanquished.

Notes
Turn   | Place    | Note
--------------------------------------------------------------
     0 | D:1      | dvd the Gargoyle Earth Elementalist began the quest for the Orb.
     0 | D:1      | Reached XP level 1. HP: 10/10 MP: 3/3
   329 | D:1      | Reached skill level 4 in Earth Magic
   329 | D:1      | Reached XP level 2. HP: 11/15 MP: 0/5
  1087 | D:1      | Reached XP level 3. HP: 18/19 MP: 4/6
  1112 | D:1      | Learned a level 3 spell: Stone Arrow
  1534 | D:2      | Noticed Terence
  1559 | D:2      | Noticed Sigmund
  1571 | D:2      | HP: 1/28 [Sigmund/scythe (1)]
  1572 | D:2      | Slain by Terence

Skill      XL: |  1 |
---------------+----+-----
Earth Magic    | 4 |  4.4
Fighting       | |  0.2
Maces & Flails | |  0.2
Dodging        | |  1.7
Stealth        | |  2.2
Spellcasting   | |  2.3
Transmutations | |  0.7

Action                   || total
-------------------------++-------
Melee: Whip              ||    33
       Mace              ||    13
 Cast: Sandblast         ||    42
       Stone Arrow       ||     1
  Use: Potion            ||     2
 Stab: Sleeping          ||     1
  Eat: Chunk             ||     2
Armor: Robe              ||    18
       Skin              ||     4
Dodge: Dodged            ||    33
